 Dungeon Crawl Stone Soup version 0.30-b1-2-g02819fbbbe (webtiles) character file.

Game seed: 12309216242564443527

22372 Haddock008 the Fighter (level 13, 0/113 HPs)
             Began as a Human Cinder Acolyte on Aug 30, 2023.
             Was an Initiate of Vehumet.
             Slain by a six-headed hydra (12 damage)
             ... on level 3 of the Lair of Beasts.
             The game lasted 01:10:39 (20338 turns).

Haddock008 the Fighter (Human Cinder Acolyte)      Turns: 20338, Time: 01:10:39

Health: 0/113      AC:  6    Str: 14    XL:     13   Next: 27%
Magic:  25/25      EV: 10    Int: 20    God:    Vehumet [......]
Gold:   230        SH: 12    Dex:  9    Spells: 27/29 levels left

rFire   . . .        Z - +0 dagger (venom)
rCold   . . .        M - +2 kite shield
rNeg    . . .        J - +0 steam dragon scales
rPois   .            (no helmet)
rElec   .            m - scarf {rC+ rF+}
rCorr   .            z - +0 pair of gloves
SInv    .            (no boots)
Will    +....        u - amulet of regeneration
Stlth   +            p - ring of fire
HPRegen 1.18/turn    B - ring of willpower
MPRegen 0.19/turn

%: no passive effects
@: fire susceptible
A: no striking features
a: Renounce Religion


You were on level 3 of the Lair of Beasts.
You worshipped Vehumet.
Vehumet was noncommittal.
You visited 3 branches of the dungeon, and saw 16 of its levels.
You also visited: Ossuary.

You collected 871 gold pieces.
You spent 641 gold pieces at shops.

Inventory:

Hand Weapons
 t - a +0 short sword
 E - a +0 dagger of draining
 L - a +2 spear of venom
 Z - a +0 dagger of venom (weapon)
Missiles
 K - a throwing net
Armour
 b - a +2 robe of cold resistance
 m - a scarf of resistance (worn)
 z - a +0 pair of gloves (worn)
 J - +0 steam dragon scales (worn)
 M - a +2 kite shield (worn)
 V - the +2 leather armour of the Lizard {Dex+2}
   (You bought it in a shop on level 6 of the Dungeon)

   Dex:       It affects your dexterity (+2).
 W - a +1 chain mail of willpower
 X - a +1 ring mail of cold resistance
Jewellery
 d - a +6 ring of dexterity
 o - a ring of resist corrosion
 p - a ring of fire (left hand)
 u - an amulet of regeneration (around neck)
 B - a ring of willpower (right hand)
 O - a ring of ice
Wands
 a - a wand of light (8)
 v - a wand of roots (2)
 H - a wand of flame (21)
 U - a wand of charming (1) (quivered)
Scrolls
 e - a scroll of teleportation
 f - 2 scrolls of fog
 g - 3 scrolls of silence
 h - 5 scrolls of fear {unknown}
 j - 3 scrolls of vulnerability
 n - 3 scrolls of blinking {unknown}
 s - 2 scrolls of immolation
 w - 3 scrolls of poison {unknown}
 y - 3 scrolls of enchant weapon {unknown}
 F - a scroll of enchant armour {unknown}
Potions
 c - 5 potions of attraction
 i - 4 potions of berserk rage
 k - 2 potions of resistance
 l - 6 potions of curing
 q - 5 potions of might
 r - 5 potions of mutation
 x - 3 potions of invisibility
 C - 2 potions of flight
 G - 2 potions of ambrosia
 I - 2 potions of cancellation
 N - a potion of brilliance {unknown}


   Skills:
 + Level 14.1 Fighting
 - Level 7.2 Short Blades
 + Level 1.2 Armour
 + Level 1.2 Dodging
 - Level 10.0 Shields
 + Level 8.5 Spellcasting
 - Level 7.0 Fire Magic


You had 27 spell levels left.
You knew the following spells:

 Your Spells              Type           Power      Damage    Failure   Level
a - Scorch                Fire           100%       2d9       1%          2

Your spell library contained the following spells:

 Spells                   Type           Power      Damage    Failure   Level
 Slow                     Hex            32%        N/A       19%         1
 Confusing Touch          Hex            8%         N/A       50%         3
 Hailstorm                Conj/Ice       8%         3d4       50%         3
 Vampiric Draining        Necr           8%         2d6       50%         3
 Ice Form                 Ice/Tmut       8%         N/A       88%         4
 Simulacrum               Ice/Necr       4%         N/A       100%        6


Dungeon Overview and Level Annotations

Branches:
Dungeon (10/15)            Temple (1/1) D:5            Lair (5/5) D:8
 Shoals (0/4) Lair:2          Orc (0/2) D:9         Ossuary (visited)
  Snake: Lair:2-3    Spider: Lair:2-3     Slime: Lair:4-5

Altars:
Ashenzari
Cheibriados
Dithmenos
Elyvilon
Fedhas
Gozag
Hepliaklqana
Kikubaaqudgha
Makhleb
Nemelex Xobeh
Okawaru
Qazlal
Ru
Sif Muna
Trog
Uskayaw
Vehumet
Wu Jian
Xom
Yredelemnul
Zin
The Shining One

Shops:
D:5 !   D:6 [   D:10 :

Annotations:
D:3 2 transporters
D:8 2 exclusions


Message History

* * * LOW HITPOINT WARNING * * *
The elephant tramples you.
* * * LOW HITPOINT WARNING * * *
You stumble backwards!
The fire elemental closely misses you.
You feel much better. The elephant tramples you.
You stumble backwards!
The elephant attacks as you move away! The elephant misses you.
The elephant trunk-slaps you but does no damage.
You feel better.
Your surroundings suddenly seem different.
A six-headed hydra comes into view.
Found a scroll labelled JIODWE KINILA.
The six-headed hydra roars!
The six-headed hydra closely misses you.
You block the six-headed hydra's attack.
The six-headed hydra bites you! x2
The six-headed hydra closely misses you.
You block the six-headed hydra's attack.
Aiming: Charm
Press: ? - help, Shift-Dir - straight line, f - six-headed hydra
Aim: a six-headed hydra (chance to affect: 17%)
The six-headed hydra resists with almost no effort.
The six-headed hydra closely misses you.
You block the six-headed hydra's attack.
The six-headed hydra bites you but does no damage.
The six-headed hydra bites you. The six-headed hydra barely misses you.
The six-headed hydra bites you!
* * * LOW HITPOINT WARNING * * *
Unknown command.
Unknown command.
Unknown command.
Aiming: Charm
Press: ? - help, Shift-Dir - straight line, f/p - six-headed hydra
Aim: a six-headed hydra (chance to affect: 17%)
The six-headed hydra resists with almost no effort.
The six-headed hydra bites you!
* * * LOW HITPOINT WARNING * * *
The six-headed hydra barely misses you. x2
The six-headed hydra closely misses you.
The six-headed hydra bites you!
You die...

# # .# #..
## ..#
#..#.# ...#
#..P##..?.##
#.P.@.......
#....D####..
#......#
.......##
...
.........#
#...
#.........
#...#
####......
....#
........
......


You could see a six-headed hydra.

Vanquished Creatures
  3 two-headed ogres
  3 merfolk sirens (Lair:2)
  An elephant (Lair:3)
  A black mamba (Lair:1)
  5 cane toads
  An unseen horror (D:6)
  A rime drake (Lair:1)
  Maggie (D:6)
  2 centaur skeletons (D:10)
  4 komodo dragons
  An unseen horror zombie (D:10)
  A merfolk (Lair:2)
  A troll (D:10)
  A hornet (D:9)
  A shadow (D:6)
  8 wyverns
  A wraith (D:10)
  31 yaks
  Eustachio (D:5)
  A basilisk (D:9)
  6 vampire mosquitoes
  2 steam dragons (D:8)
  5 water moccasins
  2 sky beasts
  2 ice beasts
  10 orc warriors
  2 swamp drakes (Lair:1)
  A black bear (D:6)
  11 wolves
  3 centaurs
  An ogre (D:6)
  5 kobold brigands
  8 bullfrogs
  A gnoll sergeant (D:8)
  3 scorpions
  8 wights
  9 killer bees
  4 electric eels (D:9)
  2 centaur zombies
  2 human zombies (Ossuary)
  2 hounds (D:5)
  11 orc priests
  A gnoll bouda (D:8)
  6 iguanas
  18 orc wizards
  4 mummies (Ossuary)
  A gnoll (D:8)
  11 adders
  A white imp (D:6)
  An ufetubus (D:5)
  A worm (D:4)
  5 dart slugs
  35 orcs
  2 bat zombies (D:6)
  9 endoplasms
  4 giant cockroaches
  A gnoll zombie (Ossuary)
  7 goblins
  12 hobgoblins
  4 jackals (D:4)
  4 quokkas
  7 ball pythons
  8 bats
  3 frilled lizards
  A goblin zombie (Ossuary)
  A hobgoblin zombie (Ossuary)
  27 kobolds
  2 orc zombies (Ossuary)
  7 rats
  3 rat zombies (D:6)
355 creatures vanquished.

Vanquished Creatures (others)
  A centaur simulacrum (D:10)
  A yak (D:10)
  A bush (D:8)
  64 foxfires
  11 fungi
  31 plants
109 creatures vanquished.

Grand Total: 464 creatures vanquished

Notes
Turn   | Place    | Note
-------+----------+-------------------------------------------
     0 | D:1      | Haddock008 the Human Cinder Acolyte began the quest for the
                  | Orb.
     0 | D:1      | Reached XP level 1. HP: 18/18 MP: 2/2
   231 | D:1      | Reached XP level 2. HP: 24/24 MP: 3/3
   234 | D:1      | Learned a level 2 spell: Scorch
   931 | D:1      | Reached XP level 3. HP: 29/29 MP: 2/5
  2376 | D:2      | Reached XP level 4. HP: 34/35 MP: 3/6
  3304 | D:3      | Found a transporter.
  3420 | D:3      | Identified the +3 chain mail of Servitude {Rampage Regen+
                  | Str+3 Dex+3}
  3485 | D:3      | Found a transporter.
  3894 | D:3      | Found a sacrificial altar of Ru.
  3910 | D:3      | Reached skill level 4 in Fighting
  3910 | D:3      | Reached XP level 5. HP: 38/42 MP: 0/8
  4350 | D:4      | Found a bloodstained altar of Trog.
  4904 | D:4      | Reached XP level 6. HP: 36/49 MP: 5/10
  5015 | D:4      | Noticed an ogre
  5334 | D:5      | Entered Level 5 of the Dungeon
  5334 | D:5      | Found Ningymis's Distillery.
  5346 | D:5      | Bought a potion of heal wounds for 60 gold pieces
  5346 | D:5      | Bought a potion of curing for 36 gold pieces
  5444 | D:5      | Found a staircase to the Ecumenical Temple.
  5455 | Temple   | Entered the Ecumenical Temple
  5843 | D:5      | Noticed Eustachio
  5901 | D:5      | Killed Eustachio
  5902 | D:5      | Reached skill level 5 in Fighting
  5902 | D:5      | Reached skill level 5 in Fire Magic
  5902 | D:5      | Reached XP level 7. HP: 51/56 MP: 1/12
  6540 | D:5      | Reached XP level 8. HP: 60/63 MP: 3/14
  7155 | D:5      | Bought a potion of lignification for 36 gold pieces
  7155 | D:5      | Bought a potion of heal wounds for 60 gold pieces
  7181 | D:6      | Reached skill level 6 in Fighting
  7465 | D:6      | Found Keunusea's Antique Armour Boutique.
  7485 | D:6      | Reached skill level 5 in Spellcasting
  7737 | D:6      | Noticed a shadow
  7739 | D:6      | Reached XP level 9. HP: 71/71 MP: 9/17
  7924 | D:6      | Noticed Maggie
  8092 | D:7      | Found a sand-covered staircase.
  8097 | Ossuary  | Entered an ossuary
  8288 | Ossuary  | Reached skill level 7 in Fighting
  8681 | D:7      | Found a blossoming altar of Fedhas.
  8883 | D:6      | Killed an unseen horror
  9122 | D:6      | Found an ancient bone altar of Kikubaaqudgha.
  9189 | D:6      | Killed Maggie
  9190 | D:6      | Reached skill level 5 in Short Blades
  9599 | D:7      | Reached skill level 8 in Fighting
  9608 | D:7      | Reached XP level 10. HP: 54/80 MP: 2/20
  9804 | D:6      | Bought a runed kite shield for 232 gold pieces
  9934 | D:7      | Found a snail-covered altar of Cheibriados.
  9993 | D:7      | Reached skill level 1 in Shields
 10720 | D:8      | Found a staircase to the Lair.
 11131 | D:8      | Noticed a two-headed ogre
 11426 | D:8      | Killed a two-headed ogre
 11427 | D:8      | Reached skill level 9 in Fighting
 11427 | D:8      | Reached skill level 5 in Shields
 11427 | D:8      | Reached XP level 11. HP: 89/89 MP: 11/22
 11516 | D:8      | Noticed a two-headed ogre
 13064 | D:8      | Noticed a cyclops
 13998 | D:9      | Noticed a two-headed ogre
 14065 | Lair:1   | Entered Level 1 of the Lair of Beasts
 14189 | Lair:1   | Noticed a four-headed hydra
 14338 | Lair:1   | Reached skill level 10 in Fighting
 14652 | Lair:1   | Reached XP level 12. HP: 83/97 MP: 15/24
 15259 | Lair:1   | Reached skill level 10 in Shields
 15579 | D:6      | Bought an opal-encrusted leather armour for 217 gold pieces
 15579 | D:6      | Identified the +2 leather armour of the Lizard {Dex+2} (You
                  | bought it in a shop on level 6 of the Dungeon)
 15764 | D:8      | Killed a two-headed ogre
 15765 | D:8      | Reached skill level 11 in Fighting
 16904 | D:9      | Found a staircase to the Orcish Mines.
 17061 | D:10     | Entered Level 10 of the Dungeon
 17140 | D:10     | Found Wacetuj's Self-Improvement Boutique.
 17195 | D:10     | Reached skill level 12 in Fighting
 18489 | D:10     | Noticed a two-headed ogre
 18498 | D:10     | Killed a two-headed ogre
 18499 | D:10     | Reached skill level 13 in Fighting
 18499 | D:10     | Reached XP level 13. HP: 111/111 MP: 16/25
 18873 | Temple   | Fell from the grace of Ignis
 18873 | Temple   | Became a worshipper of Vehumet
 19322 | Lair:2   | Found a staircase to the Shoals.
 19457 | Lair:2   | You fall into a shaft and drop 1 floor!
 19751 | Lair:3   | Reached skill level 14 in Fighting
 19797 | Lair:4   | Found an ornate altar of the Wu Jian Council.
 19797 | Lair:4   | Found a hide-covered altar of Uskayaw.
 20061 | Lair:3   | Reached skill level 1 in Armour
 20061 | Lair:3   | Reached skill level 1 in Dodging
 20137 | Lair:3   | You fall into a shaft and drop 2 floors!
 20137 | Lair:5   | Entered Level 5 of the Lair of Beasts
 20137 | Lair:5   | Noticed a six-headed hydra
 20336 | Lair:3   | Noticed a six-headed hydra
 20338 | Lair:3   | Slain by a six-headed hydra

Illustrated notes

Levels and vault maps discovered:
D:1:      dpeg_arrival_shrine, layout_basic
D:2:      layout_basic
D:3:      gammafunk_steamed_eel, layout_rooms,
          nicolae_ru_great_annihilating_truth, roderic_roman_lattice
D:4:      layout_cave_pools, trog_hazing_becter, serial_column_ruins,
          column_ruins_circle_medium, column_ruins_corridor_straight,
          column_ruins_grid_1, column_ruins_open_small_water,
          column_ruins_open_large, column_ruins_open_small,
          column_ruins_open_tiny
D:5:      layout_layer_cave, minmay_temple_entry_mist, serial_shops, shop,
          uniq_eustachio
D:6:      layout_loops_cross, lemuel_zombie_altar_kikubaaqudgha,
          nicolae_take_the_stairs, uniq_maggie
D:7:      layout_gridville, lemuel_crystal_altar,
          mainiacjoe_overflow_surrounded_room, enter_ossuary_5,
          dreamdust_mushroom_princess, minivault_26
D:8:      kennysheep_windowed_halls, layout_loops_corners,
          minmay_lair_entry_grove
D:9:      layout_irregular_city, erik_orc_2, nicolae_water_bricks
D:10:     layout_stronghold, statue_in_the_mist_lemuel, hangedman_weighted_door,
          nicolae_shop_self_help
Temple:   minmay_temple_bridge_d
Lair:1:   layout_long_grid, pond
Lair:2:   nzn_winding_woodlands_stair_trap [nzn_winding_woodlands_5x15_sawtooth,
          nzn_winding_woodlands_5x15_default,
          nzn_winding_woodlands_5x15_lazy_stream,
          nzn_winding_woodlands_15x15_eel_pit,
          nzn_winding_woodlands_5x15_longhouse,
          nzn_winding_woodlands_5x15_garden,
          nzn_winding_woodlands_5x15_river_crossing], layout_small_grid,
          elwin_shoals_entry_stream, nicolae_snake_entry_warm_welcome,
          uniq_gastronok
Lair:3:   layout_layer_cave, st_stairs_5, grunt_megastairs_1, uniq_rupert
Lair:4:   layout_regular_city, slime_entry_1, nzn_masters_of_martial_movement
Lair:5:   gammafunk_lair_ancient_temple, layout_long_grid

Skill      XL: |  1  2  3  4  5  6  7  8  9 10 11 12 13 |
---------------+----------------------------------------+-----
Spellcasting   | 2 3 4 5 6 7 8 |  8.5
Fighting       | 4 5 6 8 9 10 13 14 | 14.1
Fire Magic     | 4 5 6 7 |  7.0
Short Blades   | 5 6 7 |  7.2
Shields        | 5 8 10 | 10.0
Armour         | 1 |  1.2
Dodging        | 1 |  1.2

Action                     |  1- 3 |  4- 6 |  7- 9 | 10-12 | 13-15 || total
---------------------------+-------+-------+-------+-------+-------++-------
  Melee: Short sword       |    19 |    29 |    37 |    72 |       ||   157
         Punch             |       |     1 |     1 |       |       ||     2
         Dagger            |       |       |       |    91 |    44 ||   135
  Throw: Stone             |     5 |       |       |       |       ||     5
         Dart              |       |     1 |       |       |       ||     1
   Cast: Scorch            |    32 |    74 |   122 |   421 |    60 ||   709
 Invoke: Foxfire Swarm     |       |     1 |     1 |     3 |       ||     5
         Fiery Armour      |       |       |     2 |     2 |       ||     4
  Evoke: Wand              |       |     1 |     2 |    17 |     7 ||    27
    Use: Scroll            |       |     7 |     4 |     7 |     7 ||    25
         Potion            |       |       |     3 |     5 |     3 ||    11
   Stab: Invisible         |       |       |       |       |     2 ||     2
 Armour: Robe              |     4 |     7 |    21 |       |       ||    32
         Skin              |       |       |    38 |     1 |       ||    39
         Steam dragon scal |       |       |     1 |    93 |    16 ||   110
  Dodge: Dodged            |    12 |    31 |    33 |   170 |    37 ||   283
  Block: Kite shield       |       |       |       |   286 |    59 ||   345
